 Dungeon Crawl Stone Soup version 0.18.1-5-g4a78601 (webtiles) character file.

1551 Finerminer the Shield-Bearer (level 9, -18/68 HPs)
             Began as a Formicid Fighter on May 9, 2016.
             Killed from afar by Aarinfel's ghost (26 damage)
             ... with an orb of energy
             ... on level 6 of the Dungeon.
             The game lasted 00:10:40 (5793 turns).

Finerminer the Shield-Bearer (Formicid Fighter)     Turns: 5793, Time: 00:10:40

Health: -18/68     AC:  7    Str: 22    XL:     9   Next: 12%
Magic:  10/10      EV: 11    Int:  7    God:
Gold:   322        SH: 12    Dex: 16    Spells: 0 memorised, 8 levels left

rFire  . . .     SeeInvis +     a - +0 long sword
rCold  + . .     Gourm    .     b - +0 scale mail
rNeg   . . .     Faith    .     c - +1 shield
rPois  .         Spirit   .     (helmet unavailable)
rElec  .         Dismiss  .     (no cloak)
rCorr  .         Reflect  .     (no gloves)
SustAt .         Harm     .     (no boots)
MR     .....                    (no amulet)
Stlth  +++.......               u - ring "Garagen" {*Tele +Blink rC+ Stlth+}
                                q - +3 ring of dexterity

@: not resistant to hostile enchantments, fairly stealthy
A: permanent stasis, dig shafts and tunnels, four strong arms, antennae 3
a: Dig, Shaft Self


You were on level 6 of the Dungeon.
You were not hungry.

You visited 1 branch of the dungeon, and saw 6 of its levels.

You collected 322 gold pieces.

Inventory:

Hand Weapons
 a - a +0 long sword (weapon)
Armour
 b - a +0 scale mail (worn)
 c - a +1 shield (worn)
Jewellery
 q - a +3 ring of dexterity (left hand)
 u - the ring "Garagen" (right hand) {*Tele +Blink rC+ Stlth+}
   (You found it on level 5 of the Dungeon)

   [ring of teleportation]

   It may teleport you next to monsters.
   It protects you from cold.
   It lets you blink.
   It makes you more stealthy.
Wands
 v - a wand of acid (4/15)
Scrolls
 e - 2 scrolls of identify
 i - a scroll of fog {unknown}
 m - a scroll of noise {unknown}
 o - 2 scrolls of recharging {unknown}
 p - 3 scrolls of remove curse
 r - a scroll of fear {unknown}
 y - a scroll of magic mapping {unknown}
Potions
 g - a potion of brilliance {unknown}
 j - 2 potions of curing
 k - 2 potions of magic
 n - a potion of resistance
 s - a potion of lignification
 t - a potion of cure mutation {unknown}
 w - a potion of degeneration {unknown}
Comestibles
 d - a beef jerky
 f - 4 bread rations
 h - 9 meat rations
 l - 2 slices of pizza
 x - 3 fruits


   Skills:
 + Level 5.2 Fighting
 + Level 4.6 Long Blades
 + Level 5.7 Armour
 + Level 3.8 Dodging
 * Level 5.0 Stealth
 + Level 6.6 Shields
 * Level 2.6 Evocations


You had 8 spell levels left.
You didn't know any spells.

Dungeon Overview and Level Annotations

Branches:
Dungeon (6/15)
 Temple: D:4-7

Altars:
Cheibriados
Elyvilon
Fedhas

Annotations:
D:6 Aarinfel's ghost, novice SpCj


Innate Abilities, Weirdness & Mutations

You are under a permanent stasis effect.
You can dig through walls and to a lower floor.
Your four strong arms can wield two-handed weapons with a shield.
You have a pair of large antennae on your head (SInv).


Message History

Aarinfel's ghost whispers, "Meet the emptiness of death!"
Aarinfel's ghost gestures at you while chanting.
The magic dart hits you!
Aarinfel's ghost points at you and mumbles some strange words.
The magic dart hits you!
The giant cockroach zombie bites you but does no damage.
The giant cockroach zombie barely misses you.
Aarinfel's ghost gestures at you while chanting.
The orb of energy hits the giant cockroach zombie.
The giant cockroach zombie is destroyed!
The orb of energy explodes!
The mystic blast hits you!
Aarinfel's ghost laughs crazily.
Aarinfel's ghost points at you and mumbles some strange words.
The orb of energy hits you!
Aarinfel's ghost points at you and mumbles some strange words.
The orb of energy hits you!
* * * LOW HITPOINT WARNING * * *
Aarinfel's ghost casts a spell at you. The orb of energy hits you!
You die...

.......# #.## #.#
###.##.########)# #.#
.............#.######.#
.##...................#
..####.#####.##.#####.#
..#....#####.##.# #.#
................# #.#
..#...#.###..##.## #.#
..#...#.........@####.#####
..#...#..##...............#
..#..<#..##..##.#####.###.#
..###.#..##..##W# #.# #.#
..# #........##.# #.# #.#
..###....##..##l#####.###.#
....>....##.............#.#
..##.....##..##.#####.###.#
.........##...............#


You could see Aarinfel's ghost and a giant gecko.

Vanquished Creatures
  Pikel (D:6)
  An ice beast (D:6)
  2 phantoms
  An ogre (D:4)
  A centaur (D:5)
  Blork the orc (D:4)
  2 scorpions
  2 giant frog skeletons
  An orc priest (D:6)
  Terence (D:3)
  An iguana (D:4)
  2 orc wizards (D:5)
  7 worker ants
  A worker ant zombie (D:5)
  Robin (D:2)
  6 adders
  A shadow imp (D:5)
  An adder skeleton (D:6)
  A worm (D:2)
  6 giant geckos
  13 orcs
  3 ball pythons
  8 bats
  6 giant cockroaches
  18 goblins
  4 hobgoblins
  2 jackals (D:1)
  3 giant newts
  8 kobolds
  A quokka skeleton (D:5)
  2 rats
108 creatures vanquished.

Vanquished Creatures (others)
  2 slaves (D:6)
  A giant cockroach zombie (D:6)
3 creatures vanquished.

Grand Total: 111 creatures vanquished

Notes
Turn   | Place    | Note
--------------------------------------------------------------
     0 | D:1      | Finerminer the Formicid Fighter began the quest for the Orb.
     0 | D:1      | Reached XP level 1. HP: 18/18 MP: 1/1
   177 | D:1      | Reached XP level 2. HP: 24/24 MP: 2/2
   400 | D:1      | Reached XP level 3. HP: 29/29 MP: 3/3
   568 | D:1      | Reached skill level 4 in Shields
  1027 | D:2      | Reached XP level 4. HP: 25/37 MP: 4/4
  1292 | D:2      | Reached skill level 1 in Dodging
  1439 | D:2      | Noticed Robin
  1464 | D:2      | Killed Robin
  1905 | D:3      | Found a blossoming altar of Fedhas.
  2017 | D:3      | Noticed Terence
  2034 | D:3      | Killed Terence
  2034 | D:3      | Reached XP level 5. HP: 24/42 MP: 5/5
  2635 | D:4      | Noticed Blork the orc
  2644 | D:4      | Killed Blork the orc
  2644 | D:4      | Reached skill level 1 in Stealth
  2644 | D:4      | Reached skill level 5 in Shields
  2644 | D:4      | Reached XP level 6. HP: 32/48 MP: 6/6
  3045 | D:4      | Noticed an ogre
  3059 | D:4      | Killed an ogre
  3059 | D:4      | Reached XP level 7. HP: 12/54 MP: 7/7
  3721 | D:4      | Reached skill level 5 in Armour
  3974 | D:5      | Entered Level 5 of the Dungeon
  4194 | D:5      | Found a snail-covered altar of Cheibriados.
  4233 | D:5      | Reached XP level 8. HP: 53/61 MP: 8/8
  4235 | D:5      | Got a fine amber ring
  4236 | D:5      | Identified the ring "Garagen" {*Tele +Blink rC+ Stlth+} (You found it on level 5 of the Dungeon)
  4380 | D:5      | Found a white marble altar of Elyvilon.
  4788 | D:5      | Reached skill level 6 in Shields
  5280 | D:6      | Reached skill level 1 in Evocations
  5345 | D:6      | Noticed Pikel
  5395 | D:6      | Killed Pikel
  5395 | D:6      | Reached skill level 5 in Fighting
  5395 | D:6      | Reached skill level 5 in Stealth
  5395 | D:6      | Reached XP level 9. HP: 60/68 MP: 8/10
  5467 | D:6      | Noticed Aarinfel's ghost (novice SpCj)
  5478 | D:6      | Noticed a troll
  5793 | D:6      | Killed from afar by Aarinfel's ghost

Skill      XL: |  1  2  3  4  5  6  7  8 |
---------------+-------------------------+-----
Shields        | 4 5 6 |  6.6
Dodging        | 1 2 3 |  3.8
Armour         | 4 5 |  5.7
Long Blades    | 3 4 |  4.6
Fighting       | 4 5 |  5.2
Stealth        | 1 2 3 5 |  5.0
Evocations     | 2 |  2.6

Action                   |  1- 3 |  4- 6 |  7- 9 || total
-------------------------+-------+-------+-------++-------
Melee: Long sword        |   102 |   200 |   260 ||   562
Throw: Throwing net      |       |     1 |       ||     1
 Abil: Dig               |       |       |     3 ||     3
  Use: Scroll            |       |     3 |     6 ||     9
       Potion            |       |     2 |     2 ||     4
 Stab: Sleeping          |       |       |     1 ||     1
  Eat: Chunk             |       |     7 |    10 ||    17
Armor: Scale mail        |    50 |    69 |    56 ||   175
       Skin              |       |       |    22 ||    22
Dodge: Dodged            |    43 |    68 |    69 ||   180
Block: Shield            |    52 |   105 |   160 ||   317
